 Dungeon Crawl Stone Soup version 0.26.0-11-g8f856b5395 (webtiles) character file.

Game seed: 9865817194898364199

205 Kejsarherre the Shield-Bearer (level 6, -1/47 HPs)
             Began as a Formicid Fighter on Jan 15, 2021.
             Killed from afar by an orc wizard (7 damage)
             ... with a magic dart
             ... on level 4 of the Dungeon.
             The game lasted 00:02:50 (1164 turns).

Kejsarherre the Shield-Bearer (Formicid Fighter)    Turns: 1164, Time: 00:02:51

Health: -1/47      AC:  6    Str: 21    XL:     6   Next: 9%
Magic:  6/6        EV:  9    Int:  9    God:
Gold:   88         SH: 11    Dex: 10    Spells: 5/5 levels left

rFire    . . .     SeeInvis +   a - +0 long sword
rCold    . . .     Faith    .   c - +0 kite shield
rNeg     . . .     Spirit   .   b - +0 scale mail
rPois    .         Reflect  .   (helmet unavailable)
rElec    .         Harm     .   (no cloak)
rCorr    .         Rampage  .   (no gloves)
Will     .....                  (no boots)
Stlth    ..........             (no amulet)
HPRegen  0.15/turn              (no ring)
MPRegen  0.10/turn              (no ring)

@: no status effects
A: permanent stasis, dig shafts and tunnels, four strong arms, antennae 3
a: Dig, Shaft Self


You were on level 4 of the Dungeon.
You visited 1 branch of the dungeon, and saw 4 of its levels.

You collected 88 gold pieces.

Inventory:

Hand Weapons
 a - a +0 long sword (weapon)
Armour
 b - a +0 scale mail (worn)
 c - a +0 kite shield (worn)
Scrolls
 d - 3 scrolls of teleportation {unknown}
Potions
 g - a potion of degeneration {unknown}


   Skills:
 - Level 3.2 Fighting
 - Level 2.0 Long Blades
 - Level 3.2 Armour
 + Level 7.6 Shields


You had 5 spell levels left.
You didn't know any spells.
Your spell library was empty.

Dungeon Overview and Level Annotations

Branches:
Dungeon (4/15)
 Temple: D:4-7

Altars:
Ashenzari
Fedhas
Qazlal
The Shining One


Innate Abilities, Weirdness & Mutations

You cannot be hasted, slowed, berserked, paralysed or teleported.
You can dig through walls and to a lower floor.
Your four strong arms can wield two-handed weapons with a shield.
You have a pair of large antennae on your head. (SInv)


Message History

The orc wizard hits you but does no damage.
The orc priest hits you but does no damage.
The orc wizard hits you but does no damage.
Unknown command.
You slash the orc priest!
You kill the orc priest!
The orc wizard barely misses you.
You riposte.
You barely miss the orc wizard. The orc wizard barely misses you.
You riposte.
You miss the orc wizard.
The orc wizard gestures wildly while chanting.
The orc wizard seems to speed up.
You block the orc's attack.
You have reached level 6!
Your experience leads to an increase in your attributes!
Increase (S)trength, (I)ntelligence, or (D)exterity?
You feel clever.
Unknown command.
It was a potion of berserk rage.
Your stasis prevents you from going berserk.
The orc wizard points at you and mumbles some strange words.
The magic dart hits you!
You die...

#####.#...#....#
###.....#..รท.....#
##...#####.#....#.#
#..#.### #.#.##.#..
#......# ....#.(...
#......#.....#.)...
#......##...##.....
#..o....#...#......
#o@.....##.##......
#o###....# #....###
#o{.###.## #+.###
#.....###...##
#...o...#._.#
#.o...###...#
#...### ###.
#.###{{ .#.. #..


You could see 2 orc wizards and 2 orcs.

Vanquished Creatures
  A sky beast (D:3)
  An orc priest (D:4)
  An orc wizard (D:4)
  3 adders (D:2)
  A dart slug (D:3)
  A leopard gecko (D:3)
  4 orcs
  2 bats
  A giant cockroach (D:2)
  A goblin (D:1)
  3 hobgoblins
  A quokka (D:3)
  2 frilled lizards (D:1)
  4 kobolds
  A rat (D:3)
27 creatures vanquished.

Vanquished Creatures (others)
  38 plants (D:3)
38 creatures vanquished.

Grand Total: 65 creatures vanquished

Notes
Turn   | Place    | Note
-------+----------+-------------------------------------------
     0 | D:1      | Kejsarherre the Formicid Fighter began the quest for the
                  | Orb.
     0 | D:1      | Reached XP level 1. HP: 18/18 MP: 1/1
   126 | D:1      | Found a glowing golden altar of the Shining One.
   254 | D:1      | Reached skill level 4 in Shields
   286 | D:1      | You fall into a shaft and drop 1 floor!
   286 | D:2      | Found a blossoming altar of Fedhas.
   286 | D:2      | Found a stormy altar of Qazlal.
   295 | D:2      | Reached XP level 2. HP: 24/24 MP: 2/2
   329 | D:2      | Reached skill level 5 in Shields
   329 | D:2      | Reached XP level 3. HP: 12/29 MP: 3/3
   811 | D:3      | Reached XP level 4. HP: 34/35 MP: 4/4
   811 | D:3      | Noticed a sky beast
   820 | D:3      | Killed a sky beast
   821 | D:3      | Reached skill level 7 in Shields
   821 | D:3      | Reached XP level 5. HP: 32/41 MP: 5/5
  1140 | D:4      | Found a broken altar of Ashenzari.
  1164 | D:4      | Reached XP level 6. HP: 5/47 MP: 6/6
  1164 | D:4      | Killed from afar by an orc wizard

Illustrated notes

Levels and vault maps discovered:
D:1:      dpeg_arrival_refuge, layout_loops_ring, tso_metal_star
D:2:      layout_basic, grunt_temple_overflow_forces_of_nature,
          minmay_pentomino_q4
D:3:      layout_rooms, ebering_ghost_rock_garden, kennysheep_boxes,
          uniq_grinder
D:4:      layout_basic, serial_shops, shop, shop, shop, grunt_ministairs_5,
          grunt_decor_junction, nicolae_ashenzari_panopticon

Skill      XL: |  1  2  3  4 |
---------------+-------------+-----
Shields        | 4 5 7 |  7.6
Fighting       | |  3.2
Long Blades    | |  2.0
Armour         | |  3.2

Action                   |  1- 3 |  4- 6 || total
-------------------------+-------+-------++-------
Melee: Long sword        |    75 |    41 ||   116
 Abil: Shaft Self        |     1 |       ||     1
  Use: Scroll            |     1 |       ||     1
       Potion            |       |     2 ||     2
Armor: Scale mail        |    35 |    21 ||    56
Dodge: Dodged            |    17 |    18 ||    35
Block: Kite shield       |    40 |    22 ||    62
       Rpst.: Long sword |     4 |     6 ||    10
